 Dungeon Crawl Stone Soup version 0.24.0-13-gcf9b319 (webtiles) character file.

Game seed: 14492889361377883441, levelgen mode: deterministic

77 Anuprightman the Cudgeler (level 4, -2/28 HPs)
             Began as a Gargoyle Fighter on Dec 17, 2019.
             Killed from afar by Sigmund (5 damage)
             ... with a puff of flame
             ... on level 2 of the Dungeon.
             The game lasted 00:02:58 (1262 turns).

Anuprightman the Cudgeler (Gargoyle Fighter)        Turns: 1262, Time: 00:02:59

Health: -2/28      AC: 12    Str: 25    XL:     4   Next: 33%
Magic:  4/4        EV:  5    Int:  9    God:
Gold:   63         SH:  9    Dex:  9    Spells: 3/3 levels left

rFire    . . .     SeeInvis .   a - +0 flail
rCold    . . .     Gourm    .   c - +0 shield
rNeg     + . .     Faith    .   k - +0 chain mail
rPois    ∞         Spirit   .   (no helmet)
rElec    +         Reflect  .   (no cloak)
rCorr    .         Harm     .   (no gloves)
MR       .....                  (no boots)
Stlth    ..........             (no amulet)
HPRegen  0.09/turn              (no ring)
MPRegen  0.09/turn              (no ring)

@: mighty
A: negative energy resistance 1, electricity resistance, unbreathing,
petrification resistance, rot immunity, AC +3
a: no special abilities


You were on level 2 of the Dungeon.
You were hungry.

You visited 1 branch of the dungeon, and saw 3 of its levels.

You collected 63 gold pieces.

Inventory:

Hand Weapons
 a - a +0 flail (weapon)
Armour
 b - a +0 scale mail
 c - a +0 shield (worn)
 k - a +0 chain mail (worn)
Jewellery
 l - a cursed ring of attention {unknown}
Wands
 r - a wand of acid (13)
Scrolls
 e - 2 scrolls of enchant armour {unknown}
 g - a scroll of blinking {unknown}
 h - a scroll of enchant weapon {unknown}
 i - a scroll of magic mapping {unknown}
 m - a scroll of teleportation {unknown}
 o - a scroll of identify {unknown}
Potions
 d - a potion of might
 j - 2 potions of flight {unknown}
 n - a potion of curing {unknown}
 p - 2 potions of heal wounds {unknown}
Comestibles
 f - a ration
 q - a chunk of flesh


   Skills:
 - Level 3.2 Fighting
 + Level 4.4 Maces & Flails
 - Level 3.2 Armour
 - Level 3.2 Shields


You had 3 spell levels left.
You didn't know any spells.
Your spell library was empty.

Dungeon Overview and Level Annotations

Branches:
Dungeon (3/15)

Altars:

Annotations:
D:2 Sigmund


Innate Abilities, Weirdness & Mutations

You are resistant to torment.
Your stone body is resilient. (AC +3)
You are immune to poison.
You resist negative energy. (rN+)
You are resistant to electric shocks. (rElec)
You can survive without breathing.
You are immune to petrification.
You are immune to rotting.


Message History

Sigmund hits you with a +0 vampiric scythe.
* * * LOW HITPOINT WARNING * * *
You bump into the rock wall.
Sigmund closely misses you.
You thump Sigmund!
Sigmund is severely wounded.
Sigmund barely misses you.
You closely miss Sigmund.
Sigmund is severely wounded.
You feel less confused.
Your shield and chain mail prevent you from hitting Sigmund.
Sigmund is severely wounded.
Sigmund hits you but does no damage.
You closely miss Sigmund.
Sigmund is severely wounded.
Sigmund barely misses you.
You thump Sigmund!
Sigmund is almost dead.
Sigmund casts a spell at you. The puff of flame hits you.
You die...

##.≈.#.#.....#####..######.##
#..≈.#.####### ###.######.#
#..≈.#.# #...........
#.#≈#..# #.##.#####.#####
#.#≈#### ###.......#.......
##.### ..#####.#.#..#..##
#..#### #.#####...#..#..#.
#...#.# #@#.......##.#....
#...#.# #@#.###......#.##.
#...#.# #...#....###.#.##.
#...'.# #####.##..##.#....
#.).### #..[###.##.####.
#...# #.#####.##.####. ###.#
#.....#..#.#.... ....#
############.##.#(#.#..
....###.#
#....#.....#<...#...#..
........#
#....#.###.##.#.....#..


You could see Sigmund.

Vanquished Creatures
  3 gnolls (D:2)
  An ooze (D:1)
  A worm (D:1)
  A dart slug (D:1)
  2 leopard geckos
  A ball python (D:1)
  3 giant cockroaches
  2 goblins (D:1)
  6 hobgoblins
  A quokka (D:2)
  3 bats
  3 frilled lizards
  5 kobolds (D:1)
  5 rats
37 creatures vanquished.

Notes
Turn   | Place    | Note
-------+----------+-------------------------------------------
     0 | D:1      | Anuprightman the Gargoyle Fighter began the quest for the
                  | Orb.
     0 | D:1      | Reached XP level 1. HP: 14/14 MP: 1/1
    39 | D:1      | Reached XP level 2. HP: 19/19 MP: 2/2
   147 | D:1      | Reached skill level 3 in Maces & Flails
   294 | D:1      | Reached XP level 3. HP: 23/23 MP: 3/3
   978 | D:2      | Reached skill level 4 in Maces & Flails
   990 | D:2      | Reached XP level 4. HP: 14/28 MP: 4/4
  1199 | D:2      | Noticed Sigmund
  1262 | D:2      | Killed from afar by Sigmund

Levels and vault maps discovered:
D:1:      minmay_arrival_stair_chambers, layout_basic
D:2:      layout_basic, nicolae_overflow_crystal_walls,
          chequers_serial_rivers_micro_a, uniq_sigmund
D:3:      layout_basic, nicolae_tso_swordbearing_angel, fedhas_altar_1,
          uniq_terence

Skill      XL: |  1  2  3 |
---------------+----------+-----
Maces & Flails | 3 4 |  4.4
Fighting       | |  3.2
Armour         | |  3.2
Shields        | |  3.2

Action                   |  1- 3 |  4- 6 || total
-------------------------+-------+-------++-------
Melee: Flail             |   106 |    65 ||   171
  Use: Potion            |       |     1 ||     1
  Eat: Chunk             |       |     1 ||     1
Armor: Scale mail        |    30 |       ||    30
       Chain mail        |    31 |    37 ||    68
Dodge: Dodged            |    32 |    11 ||    43
Block: Shield            |    51 |    15 ||    66
